 Dungeon Crawl Stone Soup version 0.30-a0-394-g3e4acdb0ae (webtiles) character file.

Game seed: 6168037553787872846

3040 bande the Cleaver (level 9, -1/56 HPs)
             Began as a Gargoyle Fighter on Dec 6, 2022.
             Killed from afar by an orc wizard (3 damage)
             ... with a puff of flame
             ... on level 6 of the Dungeon.
             The game lasted 00:09:21 (6109 turns).

bande the Cleaver (Gargoyle Fighter)                Turns: 6109, Time: 00:09:21

Health: -1/56      AC: 20    Str: 20    XL:     9   Next: 86%
Magic:  9/9        EV:  9    Int:  9    God:
Gold:   219        SH:  5    Dex: 13    Spells: 8/8 levels left

rFire   . . .      SeeInvis .    a - +0 war axe
rCold   . . .      Faith    .    c - +0 buckler
rNeg    + . .      Spirit   .    b - +0 scale mail
rPois   ∞          Reflect  .    (no helmet)
rElec   +          Harm     .    k - +0 cloak
rCorr   .          Rampage  .    (no gloves)
Will    .....                    h - +0 pair of boots
Stlth   ..........               (no amulet)
HPRegen 0.29/turn                l - +4 ring of protection
MPRegen 0.11/turn                (no ring)

@: mighty
A: sickness immunity, AC +6, negative energy resistance 1, electricity
resistance, torment resistance 1, petrification resistance
a: no special abilities


You were on level 6 of the Dungeon.
You visited 1 branch of the dungeon, and saw 7 of its levels.

You collected 219 gold pieces.

Inventory:

Hand Weapons
 a - a +0 war axe (weapon)
 u - a +0 flail
Missiles
 s - 3 throwing nets (quivered)
Armour
 b - a +0 scale mail (worn)
 c - a +0 buckler (worn)
 h - a +0 pair of boots (worn)
 k - a +0 cloak (worn)
Jewellery
 l - a +4 ring of protection (left hand)
Wands
 f - a wand of polymorph (10)
 p - a wand of digging (2)
Scrolls
 i - 2 scrolls of poison
 o - a scroll of identify
 q - a scroll of amnesia
Potions
 d - a potion of might
 e - a potion of resistance
 g - a potion of lignification {unknown}
 j - a potion of invisibility {unknown}
 m - a potion of heal wounds {unknown}
 n - a potion of magic {unknown}
 r - a potion of cancellation {unknown}
 t - a potion of berserk rage {unknown}


   Skills:
 + Level 6.7 Fighting
 + Level 8.8 Axes
 + Level 7.0 Armour
 + Level 5.1 Shields
 + Level 0.5 Unarmed Combat
 * Level 3.5 Evocations


You had 8 spell levels left.
You didn't know any spells.
Your spell library contained the following spells:

 Spells                   Type           Power      Damage    Failure   Level
 Magic Dart               Conj           0%         1d3       80%         1
 Searing Ray              Conj           0%         2d4       90%         2
 Frozen Ramparts          Ice            0%         1d1       99%         3
 Airstrike                Air            0%         2d(0-16)  100%        4
 Fulminant Prism          Conj/Hex       0%         3d5       100%        4
 Ice Form                 Ice/Tmut       0%         N/A       100%        4
 Summon Ice Beast         Ice/Summ       0%         N/A       100%        4
 Summon Lightning Spire   Summ/Air       0%         N/A       100%        4
 Lightning Bolt           Conj/Air       0%         1d11      100%        5


Dungeon Overview and Level Annotations

Branches:
Dungeon (7/15)             Temple (0/1) D:4

Altars:
Makhleb
Sif Muna
Trog
Uskayaw
Vehumet

Shops:
D:3 (   D:5 [   D:6 (


Innate Abilities, Weirdness & Mutations

You are immune to sickness and miasma.
Your stone body is resilient. (AC +6)
You are immune to poison.
You resist negative energy. (rN+)
You are resistant to electric shocks. (rElec)
You are resistant to unholy torment.
You are immune to petrification.


Message History

You hit the orc but do no damage. You hit the necrophage.
You closely miss the hound. The hound bites you.
* * * LOW HITPOINT WARNING * * *
The necrophage hits you.
* * * LOW HITPOINT WARNING * * *
The gnoll sergeant hits you but does no damage.
A gnoll sergeant comes into view. It is wielding a +3 vorpal spear.
Unknown command.
The gnoll sergeant shouts!
You hit the gnoll sergeant but do no damage.
The gnoll sergeant is severely wounded.
You closely miss the orc. You barely miss the necrophage. You slash the hound!
The hound bites you but does no damage. The orc hits you but does no damage.
The necrophage hits you but does no damage.
The gnoll sergeant hits you but does no damage.
The hound bites you but does no damage.
You closely miss the hound.
The hound is almost dead.
You hit the gnoll sergeant but do no damage.
You slash the orc!
You kill the orc!
You closely miss the necrophage. You completely miss the orc.
The hound bites you but does no damage. The orc barely misses you.
The necrophage hits you but does no damage.
You block the gnoll sergeant's attack.
You barely miss the hound.
The hound is almost dead.
You slash the gnoll sergeant!
You kill the gnoll sergeant!
You slash the necrophage! You slash the orc!
You kill the orc!
The hound barely misses you. You block the necrophage's attack.
The hound barely misses you.
You slash the hound!
You kill the hound!
You hit the necrophage but do no damage.
You closely miss the orc wizard. The orc wizard casts a spell at you.
The puff of flame hits you.
You die...

#..###.†..........#
#......).........#
#...?.........#.## .
..#...........#.## ..
#....$...........## ...
..................##....
.......##.#####)......#
......###.# #.)n...##
.......##.# #.@†...#
.......##. #.)o#...#
....#... ##.## ...# #..
... $.. .. .... . .#.#
.. ##


You could see a necrophage and an orc wizard.

Vanquished Creatures
  Pikel (D:4)
  Sigmund (D:4)
  A wraith (D:6)
  A steam dragon (D:6)
  Menkaure (D:7)
  Edmund (D:5)
  3 ice beasts
  3 black bears
  2 ogres
  A phantom (D:5)
  4 lemures (D:3)
  A gnoll sergeant (D:6)
  3 scorpions
  6 hounds
  An orc priest (D:7)
  Crazy Yiuf (D:4)
  A gnoll bouda (D:6)
  Ijyb (D:4)
  4 iguanas
  An orc wizard (D:6)
  7 adders
  17 gnolls
  A shadow imp (D:5)
  3 ufetubi
  A worm (D:3)
  5 dart slugs
  9 orcs
  6 bats
  2 endoplasms
  2 giant cockroaches
  5 hobgoblins
  9 jackals
  6 quokkas
  9 ball pythons
  4 frilled lizards
  9 goblins
  8 kobolds
  A rat (D:1)
142 creatures vanquished.

Vanquished Creatures (collateral kills)
  An iguana (D:5)
1 creature vanquished.

Vanquished Creatures (others)
  A black bear (D:6)
1 creature vanquished.

Grand Total: 144 creatures vanquished

Notes
Turn   | Place    | Note
-------+----------+-------------------------------------------
     0 | D:1      | bande the Gargoyle Fighter began the quest for the Orb.
     0 | D:1      | Reached XP level 1. HP: 14/14 MP: 1/1
   132 | D:1      | Reached skill level 2 in Axes
   135 | D:1      | Reached XP level 2. HP: 19/19 MP: 2/2
   483 | D:1      | Reached XP level 3. HP: 23/23 MP: 3/3
   887 | D:2      | Reached XP level 4. HP: 29/29 MP: 4/4
   952 | D:2      | Reached skill level 3 in Axes
  1785 | D:3      | Found Qaopsol's Antique Weapon Emporium.
  1919 | D:3      | Found a hide-covered altar of Uskayaw.
  1922 | D:3      | Found a radiant altar of Vehumet.
  1922 | D:3      | Found a shimmering blue altar of Sif Muna.
  2296 | D:4      | Noticed Ijyb
  2310 | D:4      | Killed Ijyb
  2311 | D:4      | Reached XP level 5. HP: 33/33 MP: 5/5
  2512 | D:4      | Found a runed translucent door.
  2565 | D:4      | Noticed an ogre
  2572 | D:4      | Killed an ogre
  2573 | D:4      | Reached skill level 4 in Axes
  2573 | D:4      | Reached XP level 6. HP: 21/38 MP: 6/6
  2877 | D:4      | Found a staircase to the Ecumenical Temple.
  2897 | D:4      | Noticed Sigmund
  2948 | D:4      | Killed Sigmund
  2949 | D:4      | Reached skill level 5 in Axes
  2949 | D:4      | Reached XP level 7. HP: 27/44 MP: 7/7
  3251 | D:4      | Noticed Pikel
  3511 | D:4      | Killed Pikel
  3512 | D:4      | Reached skill level 5 in Fighting
  3512 | D:4      | Reached skill level 6 in Axes
  3512 | D:4      | Reached skill level 5 in Armour
  3512 | D:4      | Reached XP level 8. HP: 24/49 MP: 8/8
  3822 | D:4      | Noticed Crazy Yiuf
  3903 | D:4      | Killed Crazy Yiuf
  3941 | D:5      | Entered Level 5 of the Dungeon
  3978 | D:5      | Found a burning altar of Makhleb.
  3981 | D:5      | Noticed Edmund
  3992 | D:5      | Killed Edmund
  3993 | D:5      | Reached skill level 1 in Evocations
  4110 | D:5      | Reached skill level 7 in Axes
  4186 | D:5      | Found Eloadegh's Antique Armour Shoppe.
  4223 | D:5      | Reached XP level 9. HP: 55/55 MP: 9/9
  4635 | D:5      | Found a bloodstained altar of Trog.
  4831 | D:6      | Found Axtuih's Antique Weapon Shop.
  4845 | D:6      | Reached skill level 8 in Axes
  5345 | D:6      | Noticed Menkaure
  5691 | D:7      | Killed Menkaure
  6013 | D:6      | Reached skill level 5 in Shields
  6103 | D:6      | HP: 2/56 [gnoll sergeant/+0 long sword (5)]
  6109 | D:6      | Killed from afar by an orc wizard

Illustrated notes

Levels and vault maps discovered:
D:1:      evilmike_arrival_crescent, layout_rooms
D:2:      minmay_recursive_quarters, layout_basic, minmay_nonomino_d4
D:3:      layout_basic, chequers_temple_overflow_statue_of_worship,
          serial_shops, nicolae_shop_behind_doors
D:4:      layout_basic, minmay_temple_entry_antechambers, uniq_pikel, uniq_ijyb,
          uniq_crazy_yiuf_cottage, uniq_sigmund
D:5:      layout_rooms, bloody_makhleb, lemuel_tele_altar, serial_shops, shop,
          amcnicky_mini_pool_medium, uniq_edmund
D:6:      layout_cave_pools, serial_gnoll_camp, gnoll_camp_huts_basic,
          gnoll_camp_mini_hut, gnoll_camp_mini_basic, gnoll_camp_mini_loothouse,
          gnoll_camp_mini_shop, gnoll_camp_medium_02, uniq_menkaure
D:7:      layout_basic, mainiacjoe_overflow_boulevard, minmay_statues_item

Skill      XL: |  1  2  3  4  5  6  7  8  9 |
---------------+----------------------------+-----
Axes           | 2 3 4 5 6 7 8 |  8.8
Armour         | 4 5 6 7 |  7.0
Fighting       | 4 5 6 |  6.7
Shields        | 4 5 |  5.1
Evocations     | 2 3 |  3.5
Unarmed Combat | |  0.5

Action                   |  1- 3 |  4- 6 |  7- 9 || total
-------------------------+-------+-------+-------++-------
Melee: War axe           |    81 |   146 |   340 ||   567
       Unarmed           |       |     5 |       ||     5
  Use: Scroll            |       |    10 |     1 ||    11
       Potion            |       |       |     1 ||     1
Armor: Scale mail        |    66 |   100 |   300 ||   466
       Skin              |       |     1 |       ||     1
Dodge: Dodged            |    54 |    81 |   243 ||   378
Block: Buckler           |    26 |    30 |    91 ||   147

Table legend: (Time is in decaauts)
 A = Elapsed time spent in this place.
 B = Non-inter-level travel time spent in this place.
 C = Inter-level travel time spent in this place.
 D = Time resting spent in this place.
 E = Time spent auto-exploring this place.
 F = Levels seen in this place.
 G = Mean time per level.
                   A        B        C        D        E       F      G
               +--------+--------+--------+--------+--------+-----+--------+
         Total |   6273 |   6200 |     73 |   1931 |   2847 |   7 |  896.1 |
       Dungeon |   6273 |   6200 |     73 |   1931 |   2847 |   7 |  896.1 |
               +--------+--------+--------+--------+--------+-----+--------+

Top non-repeatable levels by time:
     D:4: 1429 daAuts
     D:3: 1120 daAuts
     D:5: 997 daAuts
     D:2: 903 daAuts
     D:1: 667 daAuts
     D:7: 610 daAuts
     D:6: 544 daAuts
